[Event "Titled Tuesday Blitz January 10 Late 2023"]
[White "Sarana, Alexey"]
[Black "Svane, Frederik"]
[WhiteFideId "24133795"]
[BlackFideId "12923044"]
[WhiteElo "2685"]
[BlackElo "2600"]
[Result "1/2-1/2"]
[Round "08"]
[TimeControl "180+2"]
[Date "2023.01.10"]
[WhiteClock "0:00:29"]
[BlackClock "0:00:20"]

1. c4 e6 2. Nc3 d5 3. d4 c6 4. cxd5 exd5 5. Bf4 Bd6 6. Bxd6 Qxd6 7. e3 Ne7 8. Bd3 Bf5 9. Bxf5 Nxf5 10. Qb3 Qe7 11. Nf3 O-O 12. O-O Nd6 13. Rfe1 Nd7 14. Qc2 Rfe8 15. Rac1 a5 16. Na4 Ne4 17. Nd2 Ndf6 18. f3 Nxd2 19. Qxd2 Qb4 20. Qc2 Re7 21. a3 Qd6 22. Qd2 Rae8 23. Nc5 h5 24. Qxa5 Rxe3 25. Rxe3 Rxe3 26. Nxb7 Qf4 27. Qd2 h4 28. Rc3 Rxf3 29. Qxf4 Rxf4 30. Rd3 Re4 31. a4 Ng4 32. Kf1 Nxh2+ 33. Kf2 Ng4+ 34. Kf3 Nh2+ 35. Kf2 Ng4+ 36. Kf3 Nh2+ 37. Kf2 1/2-1/2


[Site "https://www.chess.com"]

[Event "Titled Tuesday Blitz January 10 Late 2023"]
[White "Chigaev, Maksim"]
[Black "Indjic, Aleksandar"]
[WhiteFideId "4108116"]
[BlackFideId "911925"]
[WhiteElo "2628"]
[BlackElo "2618"]
[Result "0-1"]
[Round "08"]
[TimeControl "180+2"]
[Date "2023.01.10"]
[WhiteClock "0:00:03"]
[BlackClock "0:00:49"]

1. e4 c5 2. Nf3 d6 3. d4 cxd4 4. Nxd4 Nf6 5. Nc3 a6 6. Bg5 e6 7. Qf3 Nbd7 8. O-O-O h6 9. Be3 Qc7 10. Qg3 Rb8 11. f4 g5 12. e5 dxe5 13. f5 Nh5 14. Qf3 g4 15. Nxe6 fxe6 16. Qxg4 Ndf6 17. Qh4 Be7 18. Be2 Ng7 19. fxe6 Bxe6 20. Rhf1 Ng4 21. Qg3 h5 22. h3 h4 23. Qxg4 Bxg4 24. Nd5 Qc6 25. Bxg4 Rf8 26. Rfe1 Rd8 27. c4 Qxc4+ 28. Nc3 Rxd1+ 29. Rxd1 0-1


[Site "https://www.chess.com"]

[Event "Titled Tuesday Blitz January 10 Late 2023"]
[White "Naroditsky, Daniel"]
[Black "Hansen, Eric"]
[WhiteFideId "2026961"]
[BlackFideId "2606771"]
[WhiteElo "2618"]
[BlackElo "2609"]
[Result "1-0"]
[Round "08"]
[TimeControl "180+2"]
[Date "2023.01.10"]
[WhiteClock "0:00:05"]
[BlackClock "0:00:16"]

1. e4 c5 2. Nf3 e6 3. g3 Nc6 4. Bg2 d6 5. O-O Nf6 6. Re1 Be7 7. c3 e5 8. h3 Qb6 9. d3 O-O 10. Nbd2 Re8 11. Nc4 Qa6 12. Ne3 Bf8 13. a4 b5 14. d4 exd4 15. cxd4 Bb7 16. dxc5 dxc5 17. Nd5 Nxd5 18. exd5 Nb4 19. Rxe8 Rxe8 20. Bd2 Nxd5 21. axb5 Qxb5 22. Qc2 Nb4 23. Bxb4 cxb4 24. Rxa7 Be4 25. Qd2 Qb6 26. Rxf7 h6 27. Rf4 Bc5 28. Nh4 Bh7 29. Bd5+ Kh8 30. Bf7 Rd8 31. Qe2 g5 32. Qe5+ 1-0


[Site "https://www.chess.com"]

[Event "Titled Tuesday Blitz January 10 Late 2023"]
[White "Kamsky, Gata"]
[Black "Duda, Jan-Krzysztof"]
[WhiteFideId "2000024"]
[BlackFideId "1170546"]
[WhiteElo "2665"]
[BlackElo "2724"]
[Result "0-1"]
[Round "08"]
[TimeControl "180+2"]
[Date "2023.01.10"]
[WhiteClock "0:00:04"]
[BlackClock "0:00:19"]

1. d4 d5 2. Bf4 c5 3. e3 Nc6 4. c3 cxd4 5. exd4 Bf5 6. Nd2 e6 7. Ngf3 Bd6 8. Bxd6 Qxd6 9. Be2 h6 10. O-O Nf6 11. a4 O-O 12. Re1 Rfc8 13. Qb3 Na5 14. Qa3 Qd8 15. Bf1 Rc7 16. Ne5 Rac8 17. Bb5 Ne8 18. Bxe8 Qxe8 19. Qb4 b6 20. h3 f6 21. Nef3 Qd7 22. Re3 Kf7 23. Qa3 Bc2 24. Ne1 Bh7 25. Nd3 g5 26. Nb4 Qd6 27. Na6 Qxa3 28. Rxa3 Re7 29. Nb4 h5 30. g3 Bf5 31. Kh2 Nb7 32. Ra1 a5 33. Nd3 Nd6 34. Ne1 Rb7 35. Nef3 b5 36. axb5 Rxb5 37. b3 Bc2 38. c4 dxc4 39. bxc4 Nxc4 40. Nxc4 Rxc4 41. Rc1 Bd3 42. Ra1 Bf5 43. Rea3 Rc2 44. Kg1 Rbb2 45. d5 Rxf2 46. dxe6+ Bxe6 0-1


[Site "https://www.chess.com"]

[Event "Titled Tuesday Blitz January 10 Late 2023"]
[White "Zhigalko, Sergei"]
[Black "Bortnyk, Olexandr"]
[WhiteFideId "13502956"]
[BlackFideId "14120828"]
[WhiteElo "2572"]
[BlackElo "2605"]
[Result "1-0"]
[Round "08"]
[TimeControl "180+2"]
[Date "2023.01.10"]
[WhiteClock "0:00:04"]
[BlackClock "0:00:09"]

1. e4 Nf6 2. e5 Nd5 3. d4 d6 4. Nf3 dxe5 5. Nxe5 c6 6. Be2 Bf5 7. O-O Nd7 8. Bd3 Bxd3 9. Nxd3 e6 10. c4 N5f6 11. Nc3 Bd6 12. Re1 O-O 13. Qf3 Re8 14. Bg5 Qa5 15. c5 Be7 16. a3 Qa6 17. Rad1 Rad8 18. h3 Nf8 19. Ne5 Ng6 20. h4 Nxe5 21. dxe5 Nd5 22. Ne4 h6 23. Bxe7 Rxe7 24. Rd4 b6 25. Rc1 bxc5 26. Rxc5 Red7 27. Rcc4 Qb6 28. Nc5 Re7 29. b3 a5 30. Rg4 Kh8 31. Qe2 Nc7 32. Qe3 Nd5 33. Qc1 Rg8 34. Rg3 Kh7 35. Rcg4 g6 36. Rf3 h5 37. Rc4 Rg7 38. Qg5 Qc7 39. g4 hxg4 40. Rg3 Kg8 41. Ne4 Rd7 42. Rxg4 Qd8 43. Qd2 Kh8 44. Rxc6 Nf6 45. Rd6 Rxd6 46. Nxd6 Nxg4 47. Nxf7+ Rxf7 48. Qxd8+ Kg7 49. h5 Nxe5 50. h6+ Kh7 51. Kf1 Ng4 52. Qxa5 Rxf2+ 53. Ke1 Rf5 54. Qc7+ Kxh6 55. b4 Re5+ 56. Kd2 Rd5+ 57. Kc3 e5 58. Qc6 Rd4 59. b5 Ne3 60. b6 Nd5+ 61. Kc2 Ne3+ 62. Kb2 Rd2+ 63. Kc1 Rd1+ 64. Kb2 Rd2+ 65. Kb3 Rd3+ 66. Ka4 Rd4+ 67. Kb5 Rd5+ 68. Qxd5 Nxd5 69. b7 Nc7+ 70. Kb6 Nd5+ 71. Kc6 Ne7+ 72. Kc5 e4 73. b8=Q Kg5 74. Qe5+ Nf5 75. Qxe4 Kf6 76. Qc6+ Kg5 77. a4 Kf4 78. a5 g5 79. Qg6 g4 80. a6 Ng3 81. a7 Ne4+ 82. Kd4 1-0


[Site "https://www.chess.com"]

[Event "Titled Tuesday Blitz January 10 Late 2023"]
[White "Deac, Bogdan-Daniel"]
[Black "Movahed, Sina"]
[WhiteFideId "1226380"]
[BlackFideId "42520835"]
[WhiteElo "2700"]
[BlackElo "2340"]
[Result "1/2-1/2"]
[Round "08"]
[TimeControl "180+2"]
[Date "2023.01.10"]
[WhiteClock "0:00:07"]
[BlackClock "0:00:23"]

1. b3 Nf6 2. Bb2 d5 3. e3 c5 4. Nf3 Nc6 5. Bb5 Bd7 6. O-O e6 7. Bxc6 Bxc6 8. Ne5 Qc7 9. d3 Bd6 10. f4 O-O-O 11. Nd2 Rhg8 12. Qf3 Be8 13. c4 d4 14. exd4 cxd4 15. Bxd4 Nd7 16. Qe3 a6 17. Nxd7 Rxd7 18. Ne4 f6 19. Bb6 Qc6 20. b4 Bxb4 21. Rab1 Be7 22. Ba5 Kb8 23. Rb6 Qa4 24. Rxa6 bxa6 25. Rb1+ Rb7 26. Rxb7+ Kxb7 27. Qb6+ Ka8 28. Qxa6+ Kb8 29. Qb6+ Ka8 30. Qa6+ Kb8 31. Qb6+ Ka8 32. Qa6+ 1/2-1/2


[Site "https://www.chess.com"]

[Event "Titled Tuesday Blitz January 10 Late 2023"]
[White "Jaracz, Pawel"]
[Black "Martinez Alcantara, Jose Eduardo"]
[WhiteFideId "1102222"]
[BlackFideId "3805662"]
[WhiteElo "2467"]
[BlackElo "2619"]
[Result "0-1"]
[Round "08"]
[TimeControl "180+2"]
[Date "2023.01.10"]
[WhiteClock "0:00:09"]
[BlackClock "0:00:15"]

1. e4 c5 2. Nf3 d6 3. d4 cxd4 4. Nxd4 Nf6 5. Nc3 Nc6 6. Bg5 e6 7. Qd2 a6 8. O-O-O Bd7 9. h4 h6 10. Be3 b5 11. f3 h5 12. Nxc6 Bxc6 13. Ne2 Qc7 14. Nd4 Bd7 15. Bg5 Rb8 16. Bd3 a5 17. f4 b4 18. Kb1 a4 19. Rhe1 a3 20. b3 Be7 21. Bc4 e5 22. Nf3 Bg4 23. Bxf6 gxf6 24. Rc1 Qc5 25. f5 Bf8 26. Rcd1 Ke7 27. c3 Bh6 28. Qc2 bxc3 29. Qxc3 Rhc8 30. Ka1 Qb4 31. Rd3 Qxc3+ 32. Rxc3 Bf4 33. Rd3 Rb4 34. Red1 Rc6 35. Rd5 Be3 36. R1d3 Bc5 37. Ne1 Be2 38. Rc3 Bd4 0-1


[Site "https://www.chess.com"]

[Event "Titled Tuesday Blitz January 10 Late 2023"]
[White "Aravindh, Chithambaram VR."]
[Black "Rustemov, Alexander"]
[WhiteFideId "5072786"]
[BlackFideId "4119002"]
[WhiteElo "2633"]
[BlackElo "2525"]
[Result "0-1"]
[Round "08"]
[TimeControl "180+2"]
[Date "2023.01.10"]
[WhiteClock "0:00:04"]
[BlackClock "0:00:10"]

1. b3 d5 2. Bb2 Nf6 3. Nf3 Bf5 4. Nh4 Bg6 5. e3 Nbd7 6. f4 e6 7. Nxg6 hxg6 8. Nc3 c6 9. g3 Bd6 10. d4 Bb4 11. Bg2 c5 12. a3 Bxc3+ 13. Bxc3 O-O 14. O-O Rc8 15. dxc5 Nxc5 16. Bd4 Nce4 17. c4 dxc4 18. bxc4 Qc7 19. Qd3 Nc5 20. Qc2 b6 21. Rad1 Ncd7 22. Rc1 e5 23. Bb2 Qc5 24. Qc3 Rfe8 25. f5 g5 26. Kh1 e4 27. Qb3 Ne5 28. Bd4 Qe7 29. a4 g4 30. Rcd1 Nf3 31. Bb2 Qc5 32. Qb5 Qxc4 33. Rc1 Qxb5 34. axb5 Nd5 35. Rc6 Nxe3 36. Rfc1 Rcd8 37. Bc3 Nxf5 38. Bf1 Rd7 39. Be2 N5d4 40. Bxd4 Nxd4 41. Bxg4 f5 42. Bh5 Red8 43. Rc7 Rxc7 44. Rxc7 Nxb5 45. Re7 Kh7 46. Bf7 Nd6 47. Bb3 a5 48. Kg2 b5 49. h4 a4 50. Bd1 a3 51. Bb3 Ra8 52. Rd7 a2 53. Bxa2 Rxa2+ 54. Kh3 Ra6 55. h5 Ne8 56. Kh4 Rb6 57. Re7 Nf6 58. Kg5 Ng4 59. Kxf5 Nh6+ 60. Kxe4 b4 61. Kf4 b3 62. Re1 b2 63. Rb1 Rb3 64. g4 Nf7 65. g5 g6 66. hxg6+ Kxg6 67. Ke4 Nd6+ 68. Kd4 Rb8 69. Kd5 Nb5 0-1


[Site "https://www.chess.com"]

[Event "Titled Tuesday Blitz January 10 Late 2023"]
[White "Sokolovsky, Yahli"]
[Black "Dubov, Daniil"]
[WhiteFideId "2820242"]
[BlackFideId "24126055"]
[WhiteElo "2461"]
[BlackElo "2708"]
[Result "0-1"]
[Round "08"]
[TimeControl "180+2"]
[Date "2023.01.10"]
[WhiteClock "0:00:04"]
[BlackClock "0:01:54"]

1. b3 e5 2. Bb2 Nc6 3. e3 g6 4. f4 Bg7 5. Nf3 d6 6. Bb5 Ne7 7. O-O O-O 8. fxe5 Bg4 9. Nc3 Nxe5 10. Be2 Bxf3 11. Bxf3 d5 12. Rb1 c6 13. Be2 Nf5 14. e4 dxe4 15. Nxe4 Nd4 16. Kh1 Re8 17. c3 Nxe2 18. Qxe2 Qd3 19. Rbe1 Qxe2 20. Rxe2 Nd3 21. Ba1 f5 22. Ng3 f4 23. Ne4 Re6 24. Rf3 Rae8 25. Rxd3 Rxe4 26. Rxe4 Rxe4 27. Rd8+ Bf8 28. Kg1 Re1+ 29. Kf2 Rxa1 30. Rd7 Rxa2 31. Rxb7 Rxd2+ 32. Kf3 Rd3+ 33. Kxf4 Rxc3 34. Rxa7 Rxb3 35. Ra8 Rb5 36. Rc8 Rf5+ 37. Ke4 c5 38. h4 h5 39. g3 Kf7 40. Rc7+ Be7 41. Rc6 Rf6 42. Rc7 Ke6 43. Ra7 Bd6 44. Ra6 Rf1 45. Rc6 Re1+ 46. Kf3 Rc1 47. Ra6 Kd5 48. Rb6 Rc3+ 49. Ke2 Rxg3 50. Kf2 Rg4 51. Kf3 Rf4+ 52. Ke3 Rxh4 53. Ra6 Rh3+ 54. Kf2 Be5 55. Kg2 Rg3+ 56. Kf2 h4 57. Ra8 g5 58. Rd8+ Ke4 59. Rf8 c4 60. Ke2 c3 61. Kd1 Kd3 62. Rd8+ Bd4 0-1


[Site "https://www.chess.com"]

[Event "Titled Tuesday Blitz January 10 Late 2023"]
[White "Djordjevic, Vuk"]
[Black "Caruana, Fabiano"]
[WhiteFideId "902098"]
[BlackFideId "2020009"]
[WhiteElo "2375"]
[BlackElo "2764"]
[Result "0-1"]
[Round "08"]
[TimeControl "180+2"]
[Date "2023.01.10"]
[WhiteClock "0:00:01"]
[BlackClock "0:00:06"]

1. d4 Nf6 2. Bg5 c5 3. Bxf6 gxf6 4. d5 Qb6 5. Qc1 f5 6. c4 Bg7 7. Nc3 d6 8. e3 Nd7 9. Qc2 Ne5 10. Be2 h5 11. Nh3 h4 12. O-O Bd7 13. Rab1 O-O-O 14. b4 cxb4 15. a3 Qc7 16. axb4 Nxc4 17. Rfc1 Kb8 18. Na2 b5 19. Bxc4 Qxc4 20. Qd2 Qe4 21. Ng5 Qg4 22. Nxf7 h3 23. f3 Qg6 24. Nxd8 Rxd8 25. g3 f4 26. exf4 e5 27. dxe6 Bxe6 28. Nc3 Bc4 29. Ne4 d5 30. Nc5 d4 31. Re1 d3 32. Kh1 Qc6 33. Rf1 Bd4 34. Nxd3 Bb6 35. Ne5 Rxd2 36. Nxc6+ Kc7 37. Ne5 Bxf1 38. Rxf1 a5 39. bxa5 Bxa5 40. f5 Kd6 41. f4 Bc3 42. f6 Ke6 43. f7 Ke7 44. Re1 Kf8 45. Kg1 b4 46. Rb1 Bd4+ 47. Kf1 Rf2+ 48. Ke1 Rxh2 49. Rb3 Bc3+ 50. Kf1 Rd2 51. Nf3 h2 52. Nxh2 Rxh2 53. g4 Kxf7 54. Rb1 Rh1+ 55. Ke2 Rxb1 0-1


[Site "https://www.chess.com"]

[Event "Titled Tuesday Blitz January 10 Late 2023"]
[White "Nazari, Arad"]
[Black "Bluebaum, Matthias"]
[WhiteFideId "12577324"]
[BlackFideId "24651516"]
[WhiteElo "2367"]
[BlackElo "2669"]
[Result "1-0"]
[Round "08"]
[TimeControl "180+2"]
[Date "2023.01.10"]
[WhiteClock "0:00:07"]
[BlackClock "0:00:32"]

1. e4 e6 2. d4 d5 3. Nd2 c5 4. Ngf3 cxd4 5. Nxd4 Nf6 6. Bd3 e5 7. N4b3 dxe4 8. Nxe4 Nxe4 9. Bxe4 Qxd1+ 10. Kxd1 Nc6 11. c3 Be6 12. Re1 O-O-O+ 13. Kc2 Bd6 14. Be3 Kc7 15. Rad1 f5 16. Bxc6 Kxc6 17. Bxa7 Ra8 18. Rxd6+ Kxd6 19. Bc5+ Kd5 20. Rd1+ Ke4 21. Re1+ Kf4 22. g3+ Kf3 23. Rxe5 Bxb3+ 24. Kxb3 g6 25. Bd4 Rhe8 26. Rb5 Re7 27. a4 Rf7 28. Be3 h6 29. h4 Rg8 30. Bxh6 Kxf2 31. Bf4 Re8 32. Rb6 Rg7 33. a5 Re2 34. Ka4 Kf3 35. b4 Re4 36. Bb8 Rd7 37. Rxg6 Rd3 38. Rb6 Rxc3 39. Rxb7 Rc1 40. Kb5 Rb1 41. Bd6 Rd4 42. Rb6 Rd5+ 43. Bc5 Kxg3 44. a6 Ra1 45. Rg6+ Kxh4 46. Rg7 f4 47. Rf7 Kg4 48. a7 f3 49. Kc6 Rd8 50. b5 Rc8+ 51. Rc7 Rg8 52. b6 Rc1 53. Kb7 Rxc5 54. Rxc5 f2 55. Rc1 Rg7+ 56. Ka6 Rg8 57. b7 Rg6+ 58. Kb5 Rg5+ 59. Kb4 Rc5 60. Kxc5 Kf3 61. Rf1 Kg2 62. Rxf2+ Kg1 63. b8=Q Kh1 64. Qh2# 1-0


[Site "https://www.chess.com"]

[Event "Titled Tuesday Blitz January 10 Late 2023"]
[White "Svane, Rasmus"]
[Black "Wieczorek, Oskar"]
[WhiteFideId "4657101"]
[BlackFideId "1133950"]
[WhiteElo "2623"]
[BlackElo "2512"]
[Result "1-0"]
[Round "08"]
[TimeControl "180+2"]
[Date "2023.01.10"]
[WhiteClock "0:00:08"]
[BlackClock "0:00:09"]

1. Nf3 c5 2. c4 g6 3. d4 cxd4 4. Nxd4 Bg7 5. e4 Nc6 6. Be3 Nf6 7. Nc3 d6 8. Be2 O-O 9. O-O Nxd4 10. Bxd4 Bd7 11. f4 Bc6 12. Qd3 Nd7 13. Bxg7 Kxg7 14. Kh1 Qb6 15. Rab1 a5 16. b3 Qc5 17. Bf3 h5 18. Rfd1 Nf6 19. h3 h4 20. Re1 e5 21. f5 Rad8 22. Qd2 Qd4 23. Qxd4 exd4 24. Nd5 Bxd5 25. exd5 Nd7 26. fxg6 fxg6 27. Rbd1 Ne5 28. Rxd4 g5 29. Be2 b6 30. Kg1 Rf6 31. Rf1 Rdf8 32. Rxf6 Rxf6 33. Re4 Rf8 34. Re3 Rf4 35. Rc3 Rd4 36. Rc2 Rf4 37. Rc1 Rd4 38. Rd1 Rf4 39. Rd2 Kf6 40. Bd1 Ke7 41. Bc2 Rf3 42. gxf3 Nxf3+ 43. Kf2 Nxd2 44. Ke2 g4 45. Kxd2 gxh3 46. Ke3 h2 47. Be4 1-0


[Site "https://www.chess.com"]

[Event "Titled Tuesday Blitz January 10 Late 2023"]
[White "Bazeev, German"]
[Black "Keymer, Vincent"]
[WhiteFideId "24119350"]
[BlackFideId "12940690"]
[WhiteElo "2369"]
[BlackElo "2700"]
[Result "1-0"]
[Round "08"]
[TimeControl "180+2"]
[Date "2023.01.10"]
[WhiteClock "0:00:29"]
[BlackClock "0:00:02"]

1. d4 Nf6 2. Nf3 e6 3. c4 d5 4. g3 Bb4+ 5. Bd2 Be7 6. Bg2 O-O 7. O-O c6 8. Qc2 Nbd7 9. b4 Nb6 10. c5 Nc4 11. Bc3 a5 12. bxa5 Ne4 13. Bb4 Bf6 14. Nc3 Nxc3 15. Bxc3 Nxa5 16. Rfb1 Nc4 17. a4 Re8 18. Nd2 Nxd2 19. Qxd2 Qc7 20. a5 e5 21. e3 h5 22. h4 Bg4 23. Rb6 exd4 24. Bxd4 Bd8 25. Qb2 Ra7 26. Bxg7 Qe7 27. Bd4 Bxb6 28. cxb6 Raa8 29. Qd2 c5 30. Bb2 Rad8 31. Bxd5 Qe6 32. Qc3 Qh6 33. Bxb7 Re7 34. Bg2 Red7 35. a6 1-0


[Site "https://www.chess.com"]

[Event "Titled Tuesday Blitz January 10 Late 2023"]
[White "Zierk, Steven"]
[Black "Dimitrov, Atanas"]
[WhiteFideId "2034255"]
[BlackFideId "2901315"]
[WhiteElo "2488"]
[BlackElo "2269"]
[Result "1-0"]
[Round "08"]
[TimeControl "180+2"]
[Date "2023.01.10"]
[WhiteClock "0:01:13"]
[BlackClock "0:00:08"]

1. e4 c5 2. Nf3 d6 3. d4 cxd4 4. Nxd4 Nf6 5. Nc3 g6 6. Be3 Bg7 7. f3 O-O 8. Qd2 Nc6 9. O-O-O Bd7 10. Bc4 Ne5 11. Bb3 Rc8 12. h4 h5 13. Bh6 Nc4 14. Bxc4 Rxc4 15. Bxg7 Kxg7 16. g4 hxg4 17. h5 Rh8 18. hxg6 fxg6 19. fxg4 Bxg4 20. e5 Nh5 21. Qg5 Qd7 22. e6 Bxe6 23. Nxe6+ Qxe6 24. Rde1 Qf6 25. Rxh5 Rxh5 26. Rxe7+ Qf7 27. Rxf7+ Kxf7 28. Qg2 Rc7 29. Ne4 Rd7 30. Qf3+ Rf5 31. Qh3 Kg7 32. Qc3+ Re5 33. Nxd6 Kf6 34. Nc4 Re7 35. b4 Kf5 36. Nxe5 Rxe5 37. Qf3+ Ke6 38. Qxb7 g5 39. Qxa7 Kf5 40. Qf7+ Ke4 41. b5 g4 42. b6 1-0


[Site "https://www.chess.com"]

[Event "Titled Tuesday Blitz January 10 Late 2023"]
[White "Sai Krishna G V"]
[Black "Moroni, Luca Jr"]
[WhiteFideId "5028280"]
[BlackFideId "865834"]
[WhiteElo "2384"]
[BlackElo "2535"]
[Result "0-1"]
[Round "08"]
[TimeControl "180+2"]
[Date "2023.01.10"]
[WhiteClock "0:00:09"]
[BlackClock "0:00:03"]

1. e4 d6 2. d4 e5 3. Nf3 exd4 4. Nxd4 Nf6 5. Nc3 Be7 6. Bc4 O-O 7. O-O Re8 8. Re1 Bf8 9. Bg5 c6 10. Bb3 Nbd7 11. f4 a5 12. Kh1 Qb6 13. Nf5 Qc7 14. Qd4 b5 15. Re3 a4 16. Nh6+ gxh6 17. Bxf6 Nxf6 18. Qxf6 Bg4 19. Rg3 h5 20. h3 Bg7 21. Qg5 axb3 22. hxg4 h4 23. Qxh4 b4 24. cxb3 bxc3 25. bxc3 Rxe4 26. Rh3 Rxf4 27. Qxh7+ Kf8 28. Re1 Rxa2 29. Rhe3 Ra8 30. Qh5 d5 31. Qh2 Qd6 32. g5 d4 33. Rf3 Be5 34. Rxe5 Qxe5 35. Rxf4 Ra1+ 36. Rf1 Rxf1+ 37. Qg1 Rxg1+ 38. Kxg1 dxc3 0-1


[Site "https://www.chess.com"]

[Event "Titled Tuesday Blitz January 10 Late 2023"]
[White "Sanal, Vahap"]
[Black "Hernandez Gonzalez, William"]
[WhiteFideId "6300545"]
[BlackFideId "3509915"]
[WhiteElo "2600"]
[BlackElo "2489"]
[Result "0-1"]
[Round "08"]
[TimeControl "180+2"]
[Date "2023.01.10"]
[WhiteClock "0:00:08"]
[BlackClock "0:00:09"]

1. Nf3 Nf6 2. b3 g6 3. Bb2 Bg7 4. g3 O-O 5. Bg2 d5 6. O-O c5 7. d3 Nc6 8. Ne5 Nxe5 9. Bxe5 b6 10. e3 Bb7 11. Nd2 Nd7 12. Bxg7 Kxg7 13. c4 e6 14. cxd5 Bxd5 15. Bxd5 exd5 16. Nf3 Qe7 17. d4 c4 18. bxc4 dxc4 19. a4 Rfc8 20. Qc2 a6 21. Rab1 Rab8 22. d5 b5 23. axb5 axb5 24. Nd4 Qc5 25. Nc6 Rxc6 26. dxc6 Qxc6 27. Qc3+ f6 28. Rfd1 Rb7 29. f4 Nc5 30. Rd4 Na4 31. Qb4 c3 32. Rd6 Qc5 33. Qd4 Qxd4 34. Rxd4 Nc5 35. Rd5 Rc7 36. Rc1 b4 37. Rdd1 Ne4 38. Rd4 b3 39. Rb4 Nd2 40. Kf2 b2 41. Rxc3 Ne4+ 42. Kf3 Nxc3 43. Rxb2 f5 44. h3 Ne4 45. g4 Rd7 46. Rb5 Kf6 47. Rb6+ Rd6 48. Rb2 Rd2 49. Rxd2 Nxd2+ 50. Ke2 Ne4 51. Kf3 Ke6 52. h4 h5 53. gxf5+ gxf5 54. Ke2 Kd5 55. Kd3 Kc5 56. Ke2 Kc4 0-1


[Site "https://www.chess.com"]

[Event "Titled Tuesday Blitz January 10 Late 2023"]
[White "Averjanov, Alexey"]
[Black "Baskakov, Egor"]
[WhiteFideId "14109867"]
[BlackFideId "24197866"]
[WhiteElo "2399"]
[BlackElo "2215"]
[Result "1-0"]
[Round "08"]
[TimeControl "180+2"]
[Date "2023.01.10"]
[WhiteClock "0:01:19"]
[BlackClock "0:01:16"]

1. d4 Nf6 2. c4 e6 3. Nf3 d5 4. e3 Ne4 5. g3 Be7 6. Bg2 O-O 7. O-O f5 8. b3 c6 9. Ba3 Bd7 10. Bxe7 Qxe7 11. Nbd2 Be8 12. Ne5 Nxd2 13. Qxd2 Nd7 14. Nxd7 Qxd7 15. c5 Qe7 16. f4 g5 17. b4 a6 18. a4 g4 19. Kf2 h5 20. h4 gxh3 21. Bxh3 Rf7 22. Rh1 h4 23. Rag1 Rg7 24. gxh4 Qxh4+ 25. Kf1 Qf6 26. Rxg7+ Kxg7 27. Qh2 Bg6 28. Bg2 Rg8 29. Qh6+ Kf7 30. Bf3 Qg7 31. Qxg7+ Kxg7 32. Be2 Rh8 33. Rxh8 Kxh8 34. b5 a5 35. b6 Be8 36. Ba6 1-0


[Site "https://www.chess.com"]

[Event "Titled Tuesday Blitz January 10 Late 2023"]
[White "Fiorito, Joaquin"]
[Black "Ibarra Jerez, Jose Carlos"]
[WhiteFideId "180173"]
[BlackFideId "2226332"]
[WhiteElo "2405"]
[BlackElo "2563"]
[Result "1-0"]
[Round "08"]
[TimeControl "180+2"]
[Date "2023.01.10"]
[WhiteClock "0:00:10"]
[BlackClock "0:00:01"]

1. d4 Nf6 2. Nc3 d5 3. Bf4 c5 4. e3 cxd4 5. exd4 Bg4 6. f3 Bd7 7. Qd2 Nc6 8. g4 e6 9. O-O-O Rc8 10. Kb1 Bb4 11. Nge2 Na5 12. Be5 Nc4 13. Qg5 Kf8 14. Bxf6 Qxf6 15. h4 h6 16. Qxf6 gxf6 17. Rd3 b5 18. Bg2 Be7 19. Ng3 b4 20. Nce2 Bb5 21. Nf4 Bd6 22. Ngh5 a5 23. Re1 a4 24. Bf1 Rc6 25. Rdd1 Rb6 26. Nd3 Ke7 27. f4 Rg8 28. Bh3 b3 29. cxb3 axb3 30. a3 Ra8 31. f5 Rba6 32. Nc5 Bxc5 33. dxc5 Rc6 34. fxe6 Rxe6 35. g5 Rxe1 36. Rxe1+ Kf8 37. gxh6 Kg8 38. Nxf6+ Kh8 39. Bf5 d4 40. Rg1 Nd2+ 41. Ka1 Bd3 42. Bxd3 Ra6 43. Rg8# 1-0


[Site "https://www.chess.com"]

[Event "Titled Tuesday Blitz January 10 Late 2023"]
[White "Martins, Bruno Andre Leite"]
[Black "Makarian, Rudik"]
[WhiteFideId "1942255"]
[BlackFideId "44105681"]
[WhiteElo "2348"]
[BlackElo "2545"]
[Result "0-1"]
[Round "08"]
[TimeControl "180+2"]
[Date "2023.01.10"]
[WhiteClock "0:00:03"]
[BlackClock "0:00:19"]

1. e4 c5 2. Nf3 d6 3. d4 cxd4 4. Nxd4 Nf6 5. Nc3 a6 6. Bd3 Nc6 7. Nxc6 bxc6 8. O-O g6 9. f4 Nd7 10. Qf3 Bg7 11. e5 dxe5 12. Qxc6 Rb8 13. fxe5 Bb7 14. Qa4 Bxe5 15. Bh6 Qb6+ 16. Kh1 g5 17. Bxg5 Rg8 18. Rf5 Bc6 19. Qh4 Qxb2 20. Raf1 Qxc3 21. Rxf7 Bxg2+ 22. Kxg2 Qd2+ 23. Kh1 Qxg5 24. Qh3 Nf6 25. Bc4 Qg4 26. Qxg4 Rxg4 27. Re1 Rxc4 0-1


[Site "https://www.chess.com"]

[Event "Titled Tuesday Blitz January 10 Late 2023"]
[White "Osmak, Yuliia"]
[Black "Boros, Denes"]
[WhiteFideId "14101602"]
[BlackFideId "722340"]
[WhiteElo "2440"]
[BlackElo "2406"]
[Result "0-1"]
[Round "08"]
[TimeControl "180+2"]
[Date "2023.01.10"]
[WhiteClock "0:00:06"]
[BlackClock "0:01:01"]

1. Nf3 g6 2. d4 Bg7 3. e4 d5 4. exd5 Qxd5 5. c4 Qd8 6. Nc3 Nh6 7. Be2 Nf5 8. d5 c6 9. O-O O-O 10. Bf4 cxd5 11. Nxd5 Nc6 12. Nc7 Rb8 13. Qxd8 Rxd8 14. Na6 bxa6 15. Bxb8 Nxb8 16. Rad1 Re8 17. b3 Nc6 18. Bd3 Nfd4 19. Be4 e5 20. Bd5 Nxf3+ 21. Bxf3 e4 22. Rfe1 f5 23. Rd6 Ne5 24. Be2 Bf8 25. Rd5 Bb7 26. Rdd1 Bc5 27. h3 Kf7 28. Rb1 a5 29. Red1 f4 30. Kf1 Bc6 31. Re1 h5 32. Red1 f3 33. gxf3 exf3 34. Bd3 Nxd3 35. Rxd3 Re2 36. a4 Rxf2+ 37. Ke1 Rh2 38. Rbd1 Be4 39. Rd7+ Kf6 40. Rd8 Be3 41. R1d6+ Kg5 42. h4+ Kxh4 0-1


[Site "https://www.chess.com"]

[Event "Titled Tuesday Blitz January 10 Late 2023"]
[White "Putnam, Liam"]
[Black "Taghizadeh, Rayan"]
[WhiteFideId "30938279"]
[BlackFideId "2054019"]
[WhiteElo "2285"]
[BlackElo "2273"]
[Result "0-1"]
[Round "08"]
[TimeControl "180+2"]
[Date "2023.01.10"]
[WhiteClock "0:00:02"]
[BlackClock "0:00:02"]

1. d4 Nf6 2. Nf3 e6 3. c4 b6 4. Nc3 Bb7 5. a3 d5 6. cxd5 Nxd5 7. Qc2 Be7 8. e4 Nxc3 9. bxc3 O-O 10. Bd3 c5 11. O-O cxd4 12. cxd4 Qc8 13. Qe2 Ba6 14. Bb2 Bxd3 15. Qxd3 Qa6 16. Qd2 Nd7 17. h4 Rac8 18. Rac1 Rxc1 19. Rxc1 Rc8 20. h5 h6 21. Rd1 Qa4 22. Rc1 Rxc1+ 23. Qxc1 Nf8 24. Qc3 b5 25. d5 f6 26. Nd4 Qd1+ 27. Kh2 Qxh5+ 28. Kg1 exd5 29. Nf5 Qd1+ 30. Kh2 Bd8 31. Qg3 Qh5+ 32. Kg1 Qd1+ 33. Kh2 Qh5+ 34. Kg1 Ne6 35. Qb3 Nf4 36. Qxb5 Qd1+ 37. Kh2 Qh5+ 38. Kg1 dxe4 39. Qd7 Qg5 40. Qxd8+ Kh7 41. Ng3 e3 42. Qd4 e2 43. Qe4+ f5 44. Qe3 h5 45. Nxe2 Qxg2# 0-1


[Site "https://www.chess.com"]

[Event "Titled Tuesday Blitz January 10 Late 2023"]
[White "Manukyan, Sargis A."]
[Black "Bryakin, Mikhail"]
[WhiteFideId "13303970"]
[BlackFideId "4165314"]
[WhiteElo "2158"]
[BlackElo "2455"]
[Result "0-1"]
[Round "08"]
[TimeControl "180+2"]
[Date "2023.01.10"]
[WhiteClock "0:00:02"]
[BlackClock "0:00:41"]

1. d4 c5 2. d5 e5 3. c4 d6 4. Nc3 Be7 5. Nf3 f5 6. e4 f4 7. g3 g5 8. gxf4 gxf4 9. Rg1 Nf6 10. Bd3 Bg4 11. Be2 Qd7 12. Ng5 Bxe2 13. Qxe2 Na6 14. Ne6 Nc7 15. Nb5 Nxe6 16. dxe6 Qc6 17. Rg7 Kd8 18. Nc3 Rg8 19. Rxg8+ Nxg8 20. Nd5 Qe8 21. Qg4 Qg6 22. Qxg6 hxg6 23. Bd2 Nf6 24. f3 Ne8 25. Ke2 Ng7 26. Rg1 g5 27. h4 Nxe6 28. hxg5 Bxg5 29. Rh1 Kd7 30. Rh7+ Kc6 31. a3 Rg8 32. b4 Rg7 33. Rh8 Nd4+ 34. Kd3 b6 35. b5+ Kb7 36. a4 Nxf3 37. a5 bxa5 38. Bxa5 Nd4 39. Re8 f3 40. Re6 f2 41. Ne3 Bxe3 42. Rf6 Bf4 43. Rxf4 exf4 44. b6 f1=Q+ 0-1


[Site "https://www.chess.com"]